Map: New Repugnancy LE

Players

playezvibe - Winner!

  • Race: Protoss Protoss
  • League: Bronze
  • Spawn Location: 1:00

갑돌이

  • Race: Terran Terran
  • Spawn Location: 7:00

VOD

Have the link to the VOD?

Description

Time

  • Played on: June 9, 2019, 7:22 a.m.
  • Length: 33:28
Show
View Real Time Build Order
Export as new Build Order

playezvibe Protoss - Winner!

Build Orders:  

Get SALT Encoding   

  12  0:14  Pylon  
  12  0:19  Probe  
  13  0:35  Gateway  
  13  1:01  Probe  
  14  1:07  Assimilator  
  14  1:13  Probe  
  15  1:25  Probe, Zealot  
  15  1:26  Cybernetics Core  
  18  1:33  Pylon  
  18  1:37  Probe  
  19  1:45  Probe  
  19  1:53  Probe  
  21  2:04  Probe  
  21  2:07  Adept  
  22  2:11  Assimilator  
  24  2:15  Warp Gate  
  24  2:16  Probe  
  24  2:22  Gateway  
  25  2:37  Adept  
  27  2:44  Probe  
  28  2:56  Probe  
  29  3:08  Probe  
  29  3:11  Pylon  
  30  3:20  Probe  
  30  3:23  Pylon  
  31  3:29  Stalker  
  31  3:33  Robotics Facility  
  33  3:39  Twilight Council  
  33  3:58  Shield Battery  
  33  4:03  Forge  
  33  4:08  Charge  
  33  4:24  Nexus  
  33  4:30  Stargate  
  33  4:34  Stalker  
  35  4:45  Photon Cannon  
  35  4:52  Photon Cannon  
  35  5:06  Observer  
  35  5:12  Protoss Ground Weapons Level 1  
  36  5:30  Stalker  
  38  5:36  Stalker  
  38  5:37  Protoss Air Weapons Level 1  
  38  5:39  Probe  
  41  5:47  Probe  
  41  5:52  Probe  
  41  5:56  Probe  
  43  6:03  Pylon  
  43  6:04  Probe  
  45  6:08  Probe  
  46  6:16  Probe  
  47  6:20  Probe  
  48  6:30  Oracle  
  51  6:41  Pylon  
  51  6:47  Photon Cannon  
  51  6:48  Pylon  
  51  6:54  Photon Cannon  
  51  6:57  Photon Cannon  
  51  6:59  Shield Battery  
  51  7:03  Probe  
  52  7:09  Shield Battery  
  52  7:14  Pylon  
  52  7:15  Probe  
  53  7:28  Probe  
  54  8:00  Probe  
  54  8:02  Pylon  
  55  8:05  Pylon  
  55  8:08  Probe  
  56  8:16  Templar Archives  
  56  8:17  Probe  
  56  8:25  Robotics Bay  
  57  8:28  Dark Shrine  
  57  8:29  Probe  
  58  8:37  Fleet Beacon  
  58  8:39  Probe  
  58  8:41  Stalker x2  
  58  8:47  Probe  
  64  8:56  Probe  
  64  8:58  Photon Cannon  
  65  9:08  Probe  
  66  9:20  Probe  
  67  9:27  Nexus  
  67  9:59  Probe  
  68  10:05  Pylon  
  68  10:08  Pylon  
  68  10:11  Probe  
  69  10:14  Assimilator  
  69  10:18  Assimilator  
  69  10:23  Probe  
  69  10:24  Assimilator  
  69  10:27  Oracle  
  70  10:29  Assimilator  
  70  10:31  Mothership  
  70  10:35  Probe  
  79  10:47  Probe  
  79  10:49  Pylon  
  80  10:54  Shield Battery  
  80  10:57  Shield Battery  
  80  11:01  Photon Cannon  
  80  11:03  Stalker x2, Probe  
  84  11:05  Photon Cannon  
  84  11:08  Photon Cannon  
  85  11:11  Probe  
  85  11:15  Probe  
  87  11:21  Probe  
  87  11:23  Probe  
  88  11:32  Probe  
  89  11:33  Probe  
  91  11:44  Probe  
  91  11:45  Probe  
  93  11:56  Probe  
  94  12:05  Stalker x2  
  98  13:00  Stalker x2  
  102  13:12  Pylon  
  102  13:14  Pylon  
  102  13:18  Pylon  
  102  13:27  Stargate  
  102  13:28  Stargate  
  102  14:06  Stargate  
  102  14:09  Stargate  
  99  14:50  Carrier  
  105  14:53  Tempest  
  105  14:55  Tempest  
  105  14:56  Tempest  
  120  15:17  Oracle  
  123  15:29  High Templar  
  123  15:31  High Templar  
  127  15:38  Archon  
  127  15:50  Cybernetics Core  
  127  15:53  Pylon  
  127  15:57  Protoss Air Armor Level 1  
  127  15:58  Pylon  
  127  16:03  Pylon, Carrier  
  127  16:05  Pylon, High Templar x2  
  127  16:09  Pylon  
  131  16:15  Tempest  
  131  16:17  Tempest  
  147  16:18  Void Ray  
  151  16:35  Archon  
  151  16:54  Tempest  
  151  17:03  Tempest  
  151  17:06  Carrier  
  151  17:07  Void Ray  
  171  17:42  Zealot  
  173  17:45  Zealot  
  175  17:53  Nexus  
  175  18:01  Void Ray  
  175  18:02  Carrier  
  175  18:05  Tempest  
  184  18:11  Void Ray  
  194  18:32  Protoss Air Weapons Level 2  
  193  18:49  Tempest  
  193  18:57  Protoss Air Armor Level 2  
  198  19:16  Zealot  
  175  20:58  Carrier  
  175  21:02  Tempest  
  165  21:04  Tempest  
  165  21:05  Void Ray  
  165  21:50  Protoss Air Weapons Level 3  
  165  21:51  Protoss Air Armor Level 3  
  159  22:00  Tempest  
  159  22:07  Tempest  
  164  22:13  Tempest  
  164  22:14  Void Ray  
  178  23:22  Tempest  
  178  23:24  Tempest  
  178  23:25  Void Ray  
  172  23:28  Carrier  
  186  24:18  Void Ray  
  186  24:19  Tempest  
  186  24:22  Tempest  
  195  24:29  Carrier  
  191  25:08  Tempest  
  191  25:17  Void Ray, Assimilator  
  191  25:20  Assimilator  
  163  29:20  Carrier  
  163  29:21  Tempest  
  163  29:22  Tempest  
  179  29:24  Tempest  
  184  30:18  Void Ray  
  184  30:20  Tempest  
  187  30:23  Tempest  
  187  30:25  Carrier  
Show
View Real Time Build Order
Export as new Build Order

갑돌이 Terran 

Build Orders:  

Get SALT Encoding   

  12  0:03  SCV  
  13  0:15  SCV  
  14  0:22  Engineering Bay  
  14  0:27  SCV  
  15  0:33  Supply Depot  
  15  0:43  Refinery  
  15  0:59  SCV  
  16  1:11  Barracks  
  16  1:19  SCV  
  16  1:21  Refinery  
  17  1:40  Barracks  
  17  1:44  SCV  
  18  1:56  SCV  
  19  2:01  Reaper  
  20  2:26  Factory  
  20  2:30  SCV  
  21  2:38  Reaper  
  21  2:43  SCV  
  23  2:48  Command Center  
  23  3:16  Supply Depot  
  23  3:18  Factory Tech Lab  
  23  3:38  SCV, Reaper  
  23  3:41  Siege Tank  
  28  3:44  Supply Depot  
  28  3:50  Reaper  
  29  4:02  Planetary Fortress  
  29  4:12  Refinery  
  29  4:15  SCV  
  30  4:21  Starport  
  30  4:38  Missile Turret  
  30  4:40  SCV  
  31  4:45  Marine  
  32  5:00  Armory  
  32  5:06  Viking  
  34  5:07  Missile Turret  
  34  5:11  Supply Depot  
  34  5:15  SCV  
  35  5:25  Missile Turret  
  35  5:27  SCV  
  36  5:31  Supply Depot  
  36  5:39  SCV  
  37  5:50  Viking, Missile Turret  
  37  5:54  SCV  
  40  6:07  Missile Turret  
  40  6:11  Liberator  
  40  6:28  Missile Turret  
  43  6:43  Supply Depot  
  43  6:54  Starport  
  44  7:01  SCV  
  44  7:16  SCV  
  41  8:06  Missile Turret  
  41  8:10  Factory  
  41  8:11  Command Center  
  41  8:12  Starport Tech Lab  
  41  8:21  Fusion Core  
  41  8:27  Starport Tech Lab  
  41  8:36  Missile Turret  
  41  8:38  SCV  
  42  8:50  SCV, Orbital Command  
  43  9:02  SCV  
  44  9:05  Factory  
  44  9:14  SCV  
  44  9:15  Factory  
  45  9:26  SCV  
  45  9:29  Refinery  
  45  9:31  SCV  
  47  9:34  Factory Tech Lab  
  47  9:36  Thor  
  53  9:39  SCV  
  53  9:41  Battlecruiser  
  53  9:43  SCV  
  61  9:54  Factory Tech Lab  
  61  9:55  SCV  
  62  10:07  SCV  
  62  10:08  SCV  
  64  10:19  SCV, Factory Tech Lab  
  64  10:20  SCV  
  66  10:26  Missile Turret  
  66  10:33  SCV  
  67  10:45  SCV  
  68  10:53  Supply Depot  
  68  10:55  Supply Depot  
  68  10:57  SCV, Battlecruiser  
  75  11:09  SCV, Refinery  
  76  11:13  SCV  
  77  11:22  SCV  
  78  11:29  Battlecruiser  
  84  11:34  SCV, Weapon Refit  
  85  11:46  SCV  
  86  11:52  Supply Depot  
  86  11:54  Supply Depot  
  86  11:58  SCV  
  86  12:00  Terran Vehicle And Ship Armor Level 1  
  87  12:04  Thor  
  87  12:06  Thor  
  99  12:14  Missile Turret  
  99  12:24  SCV  
  100  12:31  Refinery  
  100  12:36  SCV  
  101  12:41  Thor  
  107  12:46  Thor  
  107  12:48  SCV  
  114  13:00  SCV  
  115  13:10  SCV  
  115  13:12  SCV  
  117  13:27  Planetary Fortress  
  117  13:32  Thor  
  123  13:55  Terran Ship Weapons Level 1  
  123  14:23  Missile Turret  
  123  14:36  Supply Depot  
  123  14:39  Supply Depot  
  123  14:57  Thor  
  129  15:10  Missile Turret  
  129  15:14  Thor  
  129  15:19  Supply Depot  
  135  15:23  Supply Depot  
  135  15:26  Battlecruiser  
  141  15:41  Thor  
  147  15:45  Factory  
  147  15:49  Terran Vehicle Weapons Level 1  
  147  15:55  Supply Depot  
  147  15:58  Supply Depot  
  147  16:02  Battlecruiser  
  153  16:23  Thor  
  159  16:27  SCV  
  160  16:39  SCV  
  161  16:40  Factory Tech Lab  
  161  16:50  Factory  
  161  16:52  SCV  
  162  17:03  Battlecruiser  
  162  17:04  SCV  
  169  17:08  Supply Depot  
  169  17:11  Supply Depot  
  169  17:16  SCV  
  170  17:29  Command Center  
  170  17:33  Thor  
  170  17:34  Thor  
  182  17:42  Supply Depot  
  182  17:43  Terran Vehicle And Ship Armor Level 2  
  182  17:47  Supply Depot  
  182  17:54  Thor  
  188  18:17  Missile Turret  
  188  18:33  Factory Tech Lab  
  188  18:38  Command Center  
  188  18:50  Refinery  
  188  18:52  SCV  
  189  19:04  SCV  
  191  19:22  Planetary Fortress  
  190  19:39  Refinery  
  190  19:49  Thor  
  196  19:56  Planetary Fortress  
  196  19:58  Terran Ship Weapons Level 2  
  196  20:02  Refinery  
  196  20:18  Infernal Pre-Igniter  
  196  20:30  Rapid Reignition System  
  118  21:23  Thor  
  112  21:26  Corvid Reactor  
  80  21:56  Viking  
  80  21:59  Viking  
  84  22:06  Thor  
  90  22:14  Terran Vehicle Weapons Level 2  
  89  22:22  Missile Turret  
  83  22:26  Viking  
  83  22:27  Missile Turret  
  83  22:28  Missile Turret  
  83  22:29  Viking  
  80  22:41  Thor  
  86  22:45  Cloaking Field  
  86  22:46  Marine  
  93  22:56  Viking, Thor  
  93  22:58  Thor  
  101  22:59  Missile Turret  
  101  23:04  Marine  
  92  23:21  Thor  
  92  23:22  Marine  
  94  23:30  Missile Turret  
  92  23:34  Missile Turret  
  92  23:40  Marine  
  90  23:41  Missile Turret  
  90  23:42  Missile Turret  
  90  23:44  Thor  
  90  23:47  Viking  
  94  23:50  Viking  
  92  23:56  Missile Turret  
  92  23:58  Marine  
  91  24:04  Hyperflight Rotors, Thor  
  90  24:17  Viking  
  90  24:20  Viking  
  88  24:27  Thor  
  88  24:28  Thor  
  88  24:30  Thor  
  104  24:34  Missile Turret  
  102  24:47  Viking, Command Center  
  102  24:50  Missile Turret  
  104  24:55  Factory  
  104  25:03  Starport  
  104  25:09  Starport  
  104  25:37  Command Center  
  104  25:47  Thor  
  110  25:52  SCV  
  111  26:04  SCV, Refinery  
  112  26:05  Advanced Ballistics  
  112  26:10  SCV  
  113  26:16  SCV  
  113  26:17  Viking  
  116  26:18  Viking  
  116  26:21  Factory Tech Lab  
  116  26:22  SCV  
  119  26:28  SCV  
  119  26:31  Starport  
  119  26:32  Missile Turret  
  120  26:35  SCV  
  120  26:37  Terran Vehicle And Ship Armor Level 3  
  121  26:40  SCV, Viking  
  121  26:47  SCV  
  124  26:59  SCV  
  116  27:02  Viking  
  116  27:05  Viking  
  116  27:07  Thor  
  119  27:10  Viking  
  103  27:29  Missile Turret  
  90  27:32  Viking  
  90  27:35  Viking  
  78  27:40  Viking  
  52  28:06  Viking  
  52  28:09  Viking  
  55  28:14  Thor  
  39  28:39  Viking  
  38  28:56  Thor  
  38  29:00  Viking  
  38  29:02  Orbital Command  
  31  29:30  Viking, Marine  
  28  29:42  SCV  
  27  29:48  Marine  
  28  29:54  SCV  
  29  30:00  Viking, Refinery  
  29  30:05  Marine  
  29  30:06  SCV  
  28  30:18  SCV  
  23  30:30  SCV  
  23  30:32  Missile Turret  
  11  31:02  Missile Turret  
  11  31:25  Engineering Bay  
  11  31:28  Barracks  
  11  31:36  Refinery  
  10  31:56  Supply Depot  
  10  31:58  SCV  
  11  32:10  SCV, Supply Depot  
  11  32:12  Supply Depot  
  11  32:21  Marine  
  11  32:22  SCV  
  13  32:34  SCV  
  14  32:39  Marine  
  14  32:41  Missile Turret  
  14  32:43  Bunker  
  14  32:46  SCV  
Tags
 
Add a new tag
Caveats
  • Supply blocks, unpowered buildings, or Contaminate may cause inaccurate times.
  • Supply counts are checked every 10 seconds.